 Dungeon Crawl Stone Soup version 0.20.0-10-g0535bb4 (webtiles) character file.

205 McKennaii the Shield-Bearer (level 5, 0/91 HPs)
             Began as a Demonspawn Fighter on June 5, 2017.
             Succumbed to a worker ant's poison
             ... on level 4 of the Dungeon.
             The game lasted 00:07:40 (3242 turns).

McKennaii the Shield-Bearer (Demonspawn Fighter)    Turns: 3242, Time: 00:07:41

Health: 0/91       AC: 22    Str: 20 (21) XL:     5   Next: 52%
Magic:  5/5        EV:  2    Int:  4 (6)  God:
Gold:   218        SH:  9    Dex: 13 (14) Spells: 4/4 levels left

rFire    . . .     SeeInvis .   a - +0 long sword
rCold    . . .     Gourm    .   c - +0 shield
rNeg     + + +     Faith    .   (armour currently unavailable)
rPois    +         Spirit   .   (helmet currently unavailable)
rElec    .         Reflect  .   (cloak currently unavailable)
rCorr    .         Harm     .   (gloves currently unavailable)
MR       .....     NoTele   +   (boots currently unavailable)
Stlth    ..........             (no amulet)
Regen    0.3/turn               l - ring of positive energy
MPRegen  0.1/turn               p - -3 ring of intelligence (curse)

@: berserking, lethally poisoned (0 -> -4), tree-form, hasted, very quick
A: no striking features
a: no special abilities


You were on level 4 of the Dungeon.
You were hungry.
You were a tree.
You visited 1 branch of the dungeon, and saw 4 of its levels.

You collected 218 gold pieces.

Inventory:

Hand Weapons
 a - a +0 long sword (weapon)
Armour
 c - a +0 shield (worn)
 q - a +0 plate armour (melded)
Jewellery
 l - a ring of positive energy (left branch)
 p - a cursed -3 ring of intelligence (right branch)
Wands
 y - a wand of paralysis (8/24)
Scrolls
 e - 2 scrolls of remove curse {unknown}
 h - 3 scrolls of recharging {unknown}
 i - a scroll of blinking {unknown}
 j - 7 scrolls of identify {unknown}
 k - a scroll of fear {unknown}
 n - a scroll of fog {unknown}
 o - a scroll of magic mapping {unknown}
 s - a scroll of noise {unknown}
Potions
 d - a potion of might
 g - 2 potions of degeneration
 u - a potion of mutation {unknown}
 v - a potion of haste
 w - a potion of cancellation {unknown}
 x - a potion of flight {unknown}
 z - a potion of ambrosia {unknown}
 B - a potion of lignification
Comestibles
 b - 2 meat rations
 f - 3 bread rations
 r - a fruit
 t - a royal jelly
 A - a chunk of flesh


   Skills:
 + Level 3.5 Fighting
 + Level 3.1 Long Blades
 + Level 3.5 Armour
 + Level 0.1 Dodging
 + Level 0.6 Stealth
 + Level 3.9 Shields


You had 4 spell levels left.
You didn't know any spells.

Dungeon Overview and Level Annotations

Branches:
Dungeon (4/15)
 Temple: D:4-7

Altars:
Cheibriados
Nemelex Xobeh
Yredelemnul


Innate Abilities, Weirdness & Mutations

((You have a pair of antennae on your head.))
((You are partially covered in slimy green scales. (AC +2)))


Message History

You feel sick. You block the worker ant's attack.
The adder skeleton barely misses you.
You are feeling hungry.
It was a potion of lignification.
You turn into a tree.
Your +0 plate armour melds into your body.
Your roots penetrate the ground.
* * * LOW HITPOINT WARNING * * *
You feel sick. The worker ant bites you.
* * * LOW HITPOINT WARNING * * *
It was a potion of berserk rage.
A red film seems to cover your vision as you go berserk!
You feel yourself moving faster!
You feel mighty!
The worker ant bites you but does no damage.
You are too berserk!
Unknown command.
You are too berserk!
You are too berserk!
You barely miss the worker ant.
The worker ant is almost dead.
You die...

#..# #. ##...(###... #.
##....[##....#
#.#######......##.....
##......#..........#...
#....##............#...
#....#.............##..
#....#.................
#...Za♣...........###.#
#....#............###.#
#....#................)
#.......###>)............#
#.###.......###......###..
# #.......# ######## #..
........# #.. ##.......#
#######÷ #.......#
........


You could see a worker ant and an adder skeleton.

Vanquished Creatures
  An iguana (D:4)
  2 worker ants (D:4)
  A gnoll (D:2)
  4 adders
  A worm (D:2)
  4 dart slugs
  2 leopard geckos
  3 orcs
  A ball python (D:3)
  3 giant cockroaches
  2 gnoll zombies (D:3)
  13 goblins
  4 hobgoblins
  9 jackals
  4 kobolds
  7 bats
  6 frilled lizards
  5 rats
72 creatures vanquished.

Notes
Turn   | Place    | Note
-------+----------+-------------------------------------------
     0 | D:1      | McKennaii the Demonspawn Fighter began the quest for the Orb.
     0 | D:1      | Reached XP level 1. HP: 18/18 MP: 1/1
   269 | D:1      | Gained mutation: You have a pair of small antennae on your head. [demonic ancestry]
   269 | D:1      | Reached XP level 2. HP: 19/24 MP: 2/2
   692 | D:1      | Gained mutation: You are partially covered in slimy green scales. (AC +2) [demonic ancestry]
   692 | D:1      | Reached XP level 3. HP: 29/29 MP: 3/3
  1785 | D:2      | Found a snail-covered altar of Cheibriados.
  1985 | D:3      | Reached XP level 4. HP: 35/35 MP: 4/4
  2163 | D:3      | Found a sparkling altar of Nemelex Xobeh.
  2265 | D:3      | Found a basalt altar of Yredelemnul.
  2485 | D:3      | Found a faded altar of an unknown god.
  2715 | D:4      | Gained mutation: You have a pair of antennae on your head. [demonic ancestry]
  2715 | D:4      | Reached XP level 5. HP: 36/41 MP: 5/5
  2727 | D:4      | Noticed an ogre
  3240 | D:4      | HP: 3/61 [poisoned by a worker ant]
  3240 | D:4      | HP: 1/61 [worker ant (2)]
  3242 | D:4      | Succumbed to a worker ant's poison

Skill      XL: |  1  2  3  4  5 |
---------------+----------------+-----
Shields        | 3 |  3.9
Armour         | 3 |  3.5
Long Blades    | 2 3 |  3.1
Fighting       | |  3.5
Dodging        | |  0.1
Stealth        | |  0.6

Action                   |  1- 3 |  4- 6 || total
-------------------------+-------+-------++-------
Melee: Long sword        |   176 |   176 ||   352
  Use: Potion            |       |     4 ||     4
  Eat: Chunk             |     2 |     5 ||     7
       Fruit             |       |     1 ||     1
Armor: Scale mail        |    86 |       ||    86
       Plate armour      |    16 |   134 ||   150
       Skin              |       |     1 ||     1
Dodge: Dodged            |    43 |    21 ||    64
Block: Shield            |    86 |   109 ||   195
       Rpst.: Long sword |    14 |     6 ||    20
